 Dungeon Crawl Stone Soup version 0.16.1-16-gc44b35d (webtiles) character file.

82909 Truth the Warrior (level 15, -3/103 HPs)
             Began as a Gargoyle Berserker on Apr 20, 2015.
             Was the Champion of Trog.
             Incinerated by a smoke demon (5 damage)
             ... with a sticky flame
             ... on level 8 of the Lair of Beasts.
             The game lasted 01:50:22 (18685 turns).

Truth the Warrior (Gargoyle Berserker)             Turns: 18685, Time: 01:50:23

Health: -3/103     AC: 40    Str: 26    XL:     15   Next: 75%
Magic:  29/29      EV:  9    Int: 12    God:    Trog [******]
Gold:   1691       SH:  5    Dex:  9    Spells: 0 memorised, 14 levels left

rFire  . . .     SeeInvis .     F - +0 morningstar
rCold  . . .     Clarity  .     D - +0 plate armour
rNeg   + . .     SustAb   .     t - +0 buckler
rPois  ∞         Gourm    .     a - +1 helmet {Int+3}
rElec  +         Spirit   .     U - +2 cloak {+Inv}
rCorr  .         Warding  .     h - +0 pair of gloves
rMut   .         Stasis   .     m - +1 pair of boots
MR     +++..                    C - amulet of regeneration
Stlth  ..........               (no ring)
                                w - +2 ring of protection

@: liquid flames, regenerating, glowing, extremely resistant to hostile
enchantments, extremely unstealthy
A: able to fly continuously, big wings, negative energy resistance 1,
electricity resistance, unbreathing, petrification resistance, rot immunity, AC
+11
a: Fly, Burn Spellbooks, Berserk, Trog's Hand, Brothers in Arms, Renounce
Religion, Evoke Invisibility


You were on level 8 of the Lair of Beasts.
You worshipped Trog.
Trog was exalted by your worship.
You were not hungry.

You visited 2 branches of the dungeon, and saw 20 of its levels.
You also visited: Ossuary, Ice Cave and Volcano.

You collected 1691 gold pieces.

Inventory:

Hand weapons
 e - the +2 morningstar of Fortitude {freeze, *Rage Noisy +Blink Str+10}
   (You found it on level 8 of the Dungeon)

   It has been specially enchanted to freeze those struck by it, causing extra
   injury to most foes and up to half again as much damage against particularly
   susceptible opponents.
   It can also slow down cold-blooded creatures.
   It affects your strength (+10).
   It lets you blink.
   It may make noises in combat.
   It may make you go berserk in combat.
 n - the +5 battleaxe of Desperation {venom, Str+10 Int-2}
   (You found it on level 7 of the Dungeon)

   It poisons the flesh of those it strikes.
   It affects your strength (+10).
   It affects your intelligence (-2).
 p - a +3 antimagic dire flail
 q - the +3 war axe "Vogi Cij" {freeze, rElec rPois rC- MR+ Dex-5}
   (You found it on level 9 of the Dungeon)

   It has been specially enchanted to freeze those struck by it, causing extra
   injury to most foes and up to half again as much damage against particularly
   susceptible opponents.
   It can also slow down cold-blooded creatures.
   It affects your dexterity (-5).
   It makes you vulnerable to cold.
   It insulates you from electricity.
   It protects you from poison.
   It affects your resistance to hostile enchantments.
 F - a +0 morningstar (weapon)
Armour
 a - a +1 helmet of intelligence (worn)
 h - a +0 pair of gloves (worn)
 m - a +1 pair of boots (worn)
 t - a +0 buckler (worn)
 D - a +0 plate armour (worn)
 U - a +2 cloak of invisibility (worn)
Jewellery
 d - an uncursed amulet of stasis {unknown}
 w - a +2 ring of protection (left hand)
 C - an amulet of regeneration (around neck)
Magical devices
 b - a wand of confusion (22)
 J - a wand of heal wounds (6)
Scrolls
 f - 13 scrolls of remove curse
 g - 2 scrolls of enchant weapon
 k - 7 scrolls of teleportation
 u - 6 scrolls of blinking
 y - 8 scrolls of enchant armour
 z - 3 scrolls of identify
 B - 3 scrolls of fog
 O - a scroll of immolation {unknown}
 S - 3 scrolls of recharging
 W - 3 scrolls of vulnerability {unknown}
 X - 3 scrolls of fear {unknown}
 Y - a scroll of acquirement {unknown}
Potions
 j - 3 potions of resistance
 l - 9 potions of curing
 r - 8 potions of haste
 s - 5 potions of magic
 v - 4 potions of brilliance
 x - a potion of experience
 E - 4 potions of cure mutation
 G - 4 potions of might
 H - 5 potions of agility {unknown}
 I - 4 potions of flight {unknown}
 K - 9 potions of restore abilities {unknown}
 L - 2 potions of degeneration {unknown}
 M - 4 potions of berserk rage {unknown}
 P - a potion of cancellation {unknown}
 Z - a potion of heal wounds {unknown}
Books
 T - a book of Ice

   Spells                             Type                      Level
   a - Ice Form                       Ice/Transmutation            4
   b - Metabolic Englaciation         Hexes/Ice                    5
   c - Ozocubu's Refrigeration        Ice                          6
   d - Bolt of Cold                   Conjuration/Ice              6
   e - Freezing Cloud                 Conjuration/Ice/Air          6
   f - Simulacrum                     Ice/Necromancy               6
   Trog disapproves of the use of such an item.
Miscellaneous
 A - a lantern of shadows
 N - a sack of spiders
Comestibles
 c - 9 bread rations
 i - 11 meat rations
 o - 15 beef jerkies
 Q - a chunk of flesh
 R - 15 fruits


   Skills:
 + Level 15.1 Fighting
 + Level 14.2 Maces & Flails
 + Level 14.7 Armour
 - Level 3.3 Dodging
 - Level 0.5 Stealth
 + Level 6.1 Shields
 + Level 11.6 Evocations


You had 14 spell levels left.
You didn't know any spells.

Dungeon Overview and Level Annotations

Branches:
Dungeon (12/15)            Temple (0/1) D:4            Lair (8/8) D:11
 Shoals (0/5) Lair:4       Spider (0/5) Lair:5        Slime (0/6) Lair:8
    Orc (0/4) D:9

Altars:
Ashenzari
Cheibriados
Dithmenos
Elyvilon
Fedhas
Gozag
Kikubaaqudgha
Makhleb
Nemelex Xobeh
Okawaru
Qazlal
Vehumet
Yredelemnul
Zin

Annotations:
Lair:2 exclusion: oklob plant


Innate Abilities, Weirdness & Mutations

You are resistant to torment.
You are immune to poison.
You can fly continuously.
Your stone body is very resilient (AC +11).
Your wings are large and strong.
You resist negative energy.
You are resistant to electric shocks.
You can survive without breathing.
You are immune to petrification.
You are immune to rotting.


Message History

* * * LOW HITPOINT WARNING * * *
Your deep troll disappears in a puff of smoke!
The smoke demon gestures at you. The ball of steam hits you!
* * * LOW HITPOINT WARNING * * *
Use which ability? (? or * to list)
Your iron troll goes berserk!
You feel somewhat more hungry.
You are engulfed in a cloud of scalding steam.
The smoke demon gestures at you. The sticky flame hits you!
You are covered in liquid flames!
* * * LOW HITPOINT WARNING * * *
You are covered in liquid flames!
* * * LOW HITPOINT WARNING * * *
You are covered in liquid flames!
* * * LOW HITPOINT WARNING * * *
There is an open door here.
You are covered in liquid flames!
You die...

♣♣♣..♣...♣♣♣ ♣♣♣..♣♣♣♣♣...♣♣ ♣
♣♣♣..♣♣♣ ♣♣...♣♣♣♣ ♣♣♣♣ ♣...♣♣
♣♣♣....♣♣♣... ** ♣....♣
♣♣♣.......♣ ***######''######
♣♣♣.♣♣.♣♣
*≈#.............#########'♣♣♣♣♣
*≈*....8....8...#........#♣
*≈*............@'..§8.8..#
*≈*##############T.8.8...#
*≈≈≈≈≈≈≈,,.....,#.§.8.8..#
*≈≈≈≈≈,,,.......#3.8.8...#
*≈≈≈≈∩,,,.._....'§..8.8..#
*≈≈≈≈≈≈,,.......#..8.8...#
*≈≈≈≈≈≈≈≈§≈.....#........#
*≈≈≈≈≈≈≈≈≈≈≈≈##*##########
*≈≈≈≈≈≈≈≈≈§≈≈≈≈≈≈≈≈*


You could see a friendly iron troll (berserk).

Vanquished Creatures
  The ghost of Rester5115 the Carver, a powerful MiFi of Okawaru (D:12)
  11 hydras
  A catoblepas (Lair:6)
  9 death yaks
  2 centaur warriors
  Urug (D:11)
  An unseen horror (D:11)
  A wizard (Lair:8)
  Erolcha (D:9)
  4 hill giants
  A griffon (Lair:8)
  3 sirens (Lair:4)
  The ghost of elenap21 the Ruffian, an experienced TrMo of Ru (D:5)
  Maurice (D:10)
  Joseph (D:7)
  10 black mambas
  A queen ant (Lair:8)
  25 elephants
  9 spiny frogs
  A gargoyle (D:12)
  A centaur skeleton (D:11)
  5 fire drakes
  Psyche (D:8)
  5 komodo dragons
  A troll (D:11)
  17 polar bears
  Sonja (D:11)
  Prince Ribbit (D:8)
  2 boulder beetles
  2 two-headed ogres
  4 basilisks
  21 blink frogs
  6 slime creatures
  2 deep elf magi
  2 wyverns
  2 wraiths (D:12)
  56 yaks
  19 wolves
  Grum (D:8)
  12 hippogriffs
  3 hungry ghosts
  Menkaure (D:7)
  A fire elemental (Volcano)
  12 porcupines
  13 soldier ants
  A water moccasin (shapeshifter) (D:8)
  8 orc warriors
  16 water moccasins
  2 ice beasts
  6 spiders (Lair:5)
  A swamp drake (D:9)
  5 ogres
  5 boggarts (D:11)
  4 phantoms
  2 necrophages
  4 sky beasts
  A boring beetle (Lair:8)
  8 centaurs
  A wasp (D:6)
  A big kobold (D:10)
  17 crocodiles
  Blork the orc (D:7)
  23 giant frogs
  2 water moccasin skeletons (D:8)
  3 scorpions
  7 killer bees
  9 wights
  An electric eel (D:7)
  7 crimson imps
  2 giant frog zombies
  2 goliath beetles
  9 hounds
  Crazy Yiuf (D:3)
  2 giant frog skeletons (D:7)
  7 jellies
  8 orc priests
  15 orc wizards
  27 worker ants
  9 iguanas
  2 killer bee zombies
  12 sheep
  Ijyb (D:7)
  A big kobold zombie (Ossuary)
  3 hound zombies
  A hound skeleton (D:9)
  3 mummies (Ossuary)
  5 gnolls
  2 worker ant zombies (D:11)
  23 adders
  4 shadow imps
  3 giant mites
  76 river rats
  A worm (D:2)
  4 adder zombies
  5 giant geckos
  13 oozes (Lair:1)
  54 orcs
  11 bats
  A bat zombie (D:7)
  A gnoll zombie (Ossuary)
  11 goblins
  13 hobgoblins
  4 jackals (D:7)
  13 kobolds
  2 ball pythons
  3 giant cockroaches
  6 giant newts
  4 goblin zombies (Ossuary)
  2 hobgoblin zombies (Ossuary)
  5 kobold zombies (Ossuary)
  17 quokkas
  A quokka zombie (Ossuary)
  8 rats
  4 rat zombies
  3 ballistomycetes
  4 fungi
819 creatures vanquished.

Vanquished Creatures (collateral kills)
  A frost giant (IceCv)
  4 death yaks (IceCv)
  A sun demon (Lair:8)
  4 orange demons (Lair:8)
  A hellwing (Lair:8)
  4 blue devils (Lair:8)
  A troll (D:8)
  A polar bear (IceCv)
  4 yaks (IceCv)
  An orc warrior (D:12)
  A sky beast (D:8)
  An orc priest (D:12)
  An orc (D:12)
25 creatures vanquished.

Vanquished Creatures (others)
  A fire vortex (Volcano)
  2 ogres
  2 giant spores
  6 fungi
  6 plants
17 creatures vanquished.

Grand Total: 861 creatures vanquished

Notes
Turn   | Place    | Note
--------------------------------------------------------------
     0 | D:1      | Truth, the Gargoyle Berserker, began the quest for the Orb.
     0 | D:1      | Reached XP level 1. HP: 14/14 MP: 1/1
    64 | D:1      | Reached XP level 2. HP: 19/19 MP: 2/2
   476 | D:2      | Reached XP level 3. HP: 24/24 MP: 3/3
   990 | D:2      | Acquired Trog's second power
   990 | D:2      | Reached skill level 4 in Fighting
   990 | D:2      | Reached XP level 4. HP: 29/29 MP: 4/4
  1342 | D:3      | Noticed Crazy Yiuf
  1351 | D:3      | Killed Crazy Yiuf
  1351 | D:3      | Reached XP level 5. HP: 34/34 MP: 5/5
  1590 | D:3      | Found a shattered altar of Ashenzari.
  1864 | D:4      | Found a sand-covered staircase.
  1869 | Ossuary  | Entered an ossuary
  1879 | Ossuary  | Reached XP level 6. HP: 17/39 MP: 6/6
  2308 | D:4      | Found an ancient bone altar of Kikubaaqudgha.
  2329 | D:4      | Reached skill level 5 in Fighting
  2497 | D:4      | Found an ancient bone altar of Kikubaaqudgha.
  2548 | D:4      | Found a staircase to the Ecumenical Temple.
  2603 | D:4      | Reached skill level 5 in Maces & Flails
  2748 | D:5      | Entered Level 5 of the Dungeon
  2855 | D:5      | Reached XP level 7. HP: 40/44 MP: 7/7
  2863 | D:5      | Found a basalt altar of Yredelemnul.
  2937 | D:5      | Noticed elenap21's ghost (experienced TrMo)
  2956 | D:5      | Killed elenap21's ghost
  2956 | D:5      | Reached skill level 6 in Fighting
  3003 | D:5      | Reached XP level 8. HP: 45/51 MP: 8/8
  3869 | D:6      | Reached skill level 7 in Fighting
  3880 | D:6      | Reached skill level 5 in Armour
  3943 | D:6      | Acquired Trog's third power
  4009 | D:6      | Found an opulent altar of Gozag.
  4044 | D:6      | Found a blossoming altar of Fedhas.
  4044 | D:6      | Found a glowing silver altar of Zin.
  4152 | D:6      | Reached XP level 9. HP: 48/58 MP: 9/9
  4812 | D:7      | Reached skill level 8 in Fighting
  4971 | D:7      | Noticed Ijyb
  4985 | D:7      | Killed Ijyb
  5068 | D:7      | Noticed Joseph
  5072 | D:7      | Got a twisted battleaxe
  5073 | D:7      | Identified the +5 battleaxe of Desperation {venom, Str+10 Int-2} (You found it on level 7 of the Dungeon)
  5095 | D:7      | Killed Joseph
  5200 | D:7      | Noticed Blork the orc
  5214 | D:7      | Killed Blork the orc
  5266 | D:7      | Reached skill level 9 in Fighting
  5535 | D:7      | Noticed Menkaure
  5555 | D:7      | Killed Menkaure
  5598 | D:7      | Reached XP level 10. HP: 48/66 MP: 10/10
  5782 | D:8      | Found a snail-covered altar of Cheibriados.
  5821 | D:8      | Noticed Grum
  5838 | D:8      | Killed Grum
  6011 | D:8      | Noticed a hill giant
  6041 | D:7      | Received a gift from Trog
  6140 | D:8      | Reached skill level 1 in Evocations
  6237 | D:8      | Killed a hill giant
  6293 | D:8      | Reached skill level 10 in Fighting
  6390 | D:8      | Got a jewelled morningstar
  6391 | D:8      | Identified the +2 morningstar of Fortitude {freeze, *Rage Noisy +Blink Str+10} (You found it on level 8 of the Dungeon)
  6410 | D:8      | Found a radiant altar of Vehumet.
  6410 | D:8      | Found a white marble altar of Elyvilon.
  6455 | D:8      | Noticed Psyche
  6456 | D:8      | Noticed Prince Ribbit
  6470 | D:8      | Killed Prince Ribbit
  6473 | D:8      | Paralysed by Psyche for 6 turns
  6513 | D:8      | Killed Psyche
  6534 | D:8      | Noticed a centaur warrior
  6549 | D:8      | Killed a centaur warrior
  6799 | D:8      | Reached XP level 11. HP: 62/73 MP: 15/17
  7067 | D:9      | Found a shattered altar of Ashenzari.
  7140 | D:9      | Received a gift from Trog
  7148 | D:9      | Reached skill level 10 in Maces & Flails
  7278 | D:9      | Found a shadowy altar of Dithmenos.
  7406 | D:9      | Got a shimmering war axe
  7524 | D:9      | Reached skill level 10 in Armour
  7527 | D:9      | Found a staircase to the Orcish Mines.
  7749 | D:9      | Noticed Erolcha
  7763 | D:9      | Killed Erolcha
  7763 | D:9      | Reached skill level 11 in Fighting
  7808 | D:9      | Found a burning altar of Makhleb.
  7827 | D:9      | Found an iron altar of Okawaru.
  7867 | D:10     | Entered Level 10 of the Dungeon
  7868 | D:10     | Noticed Maurice
  7878 | D:10     | Killed Maurice
  7883 | D:10     | Received a gift from Trog
  8141 | D:10     | Found a sparkling altar of Nemelex Xobeh.
  8187 | D:9      | Found a stormy altar of Qazlal.
  8242 | D:10     | Reached skill level 5 in Evocations
  8450 | D:10     | Noticed a hill giant
  8454 | D:10     | Killed a hill giant
  8606 | D:11     | Noticed a hill giant
  8709 | D:11     | Noticed Sonja
  8723 | D:11     | Killed Sonja
  8866 | D:11     | Killed a hill giant
  8954 | D:11     | Killed an unseen horror
  8954 | D:11     | Reached XP level 12. HP: 58/80 MP: 21/21
  9124 | D:11     | Received a gift from Trog
  9246 | D:11     | Found a staircase to the Lair.
  9292 | D:11     | Noticed Urug
  9299 | D:11     | Killed Urug
  9384 | D:11     | Reached skill level 12 in Fighting
  9745 | D:12     | Noticed a centaur warrior
  9752 | D:12     | Killed a centaur warrior
 10014 | D:12     | Noticed Rester5115's ghost (powerful MiFi)
 10024 | D:12     | Killed Rester5115's ghost
 10052 | D:12     | Received a gift from Trog
 10265 | Lair:1   | Entered Level 1 of the Lair of Beasts
 10694 | Lair:1   | Reached XP level 13. HP: 84/87 MP: 24/24
 11111 | Lair:2   | Found an iron altar of Okawaru.
 11155 | Lair:2   | Reached skill level 13 in Fighting
 11469 | Lair:2   | Received a gift from Trog
 12475 | Lair:4   | Received a gift from Trog
 12896 | Lair:4   | Found a staircase to the Shoals.
 13202 | Lair:5   | Received a gift from Trog
 13999 | Lair:5   | Found a hole to the Spider Nest.
 14101 | Lair:5   | Gained mutation: Your wings are large and strong. [gargoyle growth]
 14101 | Lair:5   | Reached XP level 14. HP: 95/95 MP: 27/27
 14211 | Lair:6   | Found a frozen archway.
 14223 | IceCv    | Entered an ice cave
 14234 | IceCv    | Received a gift from Trog
 14384 | IceCv    | Reached skill level 14 in Fighting
 14458 | IceCv    | Reached skill level 10 in Evocations
 14655 | IceCv    | Noticed a frost giant
 14689 | IceCv    | Killed a frost giant
 14901 | Lair:6   | Received a gift from Trog
 15105 | Lair:6   | Reached skill level 1 in Shields
 15108 | Lair:6   | Identified the +3 war axe "Vogi Cij" {freeze, rElec rPois rC- MR+ Dex-5} (You found it on level 9 of the Dungeon)
 16436 | Lair:5   | Reached XP level 15. HP: 101/101 MP: 29/29
 16964 | Lair:8   | Entered Level 8 of the Lair of Beasts
 17012 | Lair:8   | Received a gift from Trog
 17015 | Lair:8   | Found a dark tunnel.
 17023 | Volcano  | Entered a volcano
 17323 | Lair:8   | Found a staircase to the Slime Pits.
 17420 | Lair:8   | Reached skill level 5 in Shields
 17868 | Lair:8   | Reached skill level 15 in Fighting
 17928 | Lair:8   | Received a gift from Trog
 18503 | Lair:8   | Paralysed by something for 3 turns
 18509 | Lair:8   | Paralysed by something for 2 turns
 18625 | Lair:8   | Found a burning altar of Makhleb.
 18684 | Lair:8   | HP: 1/103 [burnt (8)]
 18685 | Lair:8   | Incinerated by a smoke demon

Action                   |  1- 3 |  4- 6 |  7- 9 | 10-12 | 13-15 || total
-------------------------+-------+-------+-------+-------+-------++-------
Melee: Mace              |    92 |    95 |       |       |       ||   187
       Flail             |       |   208 |   414 |   185 |       ||   807
       Morningstar       |       |       |       |    52 |   956 ||  1008
       Battleaxe         |       |       |       |   438 |   616 ||  1054
       Dire flail        |       |       |       |     2 |    30 ||    32
Invok: Berserk           |       |     2 |     2 |     3 |       ||     7
       Trog's Hand       |       |       |     2 |     3 |     2 ||     7
       Brothers in Arms  |       |       |       |     3 |     4 ||     7
       Burn Spellbooks   |       |       |       |     3 |     3 ||     6
 Abil: Fly               |       |       |       |       |     3 ||     3
       Stop Flying       |       |       |       |       |     3 ||     3
  Use: Scroll            |       |     1 |       |    19 |     6 ||    26
       Potion            |       |       |       |       |     1 ||     1
 Stab: Invisible         |       |       |       |     1 |       ||     1
       Distracted        |       |       |       |       |     1 ||     1
  Eat: Chunk             |       |     8 |    10 |    11 |    38 ||    67
       Fruit             |       |     1 |     2 |     4 |     2 ||     9
       Pizza             |       |       |     1 |     1 |     2 ||     4
       Bread ration      |       |       |       |     2 |       ||     2
